 Dungeon Crawl Stone Soup version 0.28-a0-893-g5e322aebe8 (webtiles) character file.

Game seed: 16559976405336086017

43 Conn the Firebug (level 3, -4/21 HPs)
             Began as an Octopode Fire Elementalist on Nov 22, 2021.
             Killed from afar by Sigmund (9 damage)
             ... with a magic dart
             ... on level 2 of the Dungeon.
             The game lasted 00:02:53 (1289 turns).

Conn the Firebug (Octopode Fire Elementalist)       Turns: 1289, Time: 00:02:54

Health: -4/21      AC:  1    Str:  7    XL:     3   Next: 58%
Magic:  6/6        EV: 13    Int: 18    God:
Gold:   8          SH:  0    Dex: 12    Spells: 5/6 levels left

rFire   . . .      SeeInvis .   f - +0 short sword
rCold   . . .      Faith    .   (no shield)
rNeg    . . .      Spirit   .   (helmet restricted)
rPois   .          Reflect  .   (no amulet)
rElec   .          Harm     .   (no ring)
rCorr   .          Rampage  .   (no ring)
Will    .....                   (no ring)
Stlth   +++.......              (no ring)
HPRegen 0.07/turn               (no ring)
MPRegen 0.10/turn               (no ring)
                                (no ring)
                                (no ring)

@: no status effects
A: almost no armour, amphibious, 8 rings, camouflage 1, gelatinous body 1,
(nimble swimmer 1), tentacles
a: no special abilities


You were on level 2 of the Dungeon.
You visited 1 branch of the dungeon, and saw 2 of its levels.

You collected 8 gold pieces.

Inventory:

Hand Weapons
 f - a +0 short sword (weapon)
Scrolls
 a - a scroll of enchant weapon {unknown}
 b - a scroll of torment {unknown}
 c - a scroll of enchant armour {unknown}
 e - a scroll of identify {unknown}
 g - a scroll of fear {unknown}
Potions
 d - a potion of degeneration {unknown}
 h - a potion of curing {unknown}
 i - a potion of might {unknown}
 j - a potion of haste {unknown}


   Skills:
 + Level 0.1 Short Blades
 + Level 2.2 Dodging
 + Level 3.2 Stealth
 + Level 2.3 Spellcasting
 + Level 1.2 Conjurations
 + Level 3.8 Fire Magic


You had 5 spell levels left.
You knew the following spells:

 Your Spells              Type           Power      Damage    Failure   Level
a - Foxfire               Conj/Fire      44%        2x1d6     6%          1

Your spell library contained the following spells:

 Spells                   Type           Power      Damage    Failure   Level
 Scorch                   Fire           30%        2d6       5%          2
 Conjure Flame            Conj/Fire      11%        6-21      19%         3
 Inner Flame              Hex/Fire       8%         N/A       24%         3
 Flame Wave               Conj/Fire      11%        3d4       52%         4


Dungeon Overview and Level Annotations

Branches:
Dungeon (2/15)

Altars:

Annotations:
D:2 Sigmund


Innate Abilities, Weirdness & Mutations

You cannot wear most types of armour.
You are amphibious.
You can wear up to eight rings at the same time.
Your skin changes colour to match your surroundings (Stealth+).
Your rubbery body absorbs attacks. (AC +1, EV +1)
((You are camouflaged near water. (Stealth+)))
You have tentacles for arms and can constrict up to eight enemies at once.


Message History

You conjure some foxfire!
j - a fuming pink potion Your foxfire dissipates!
A rat comes into view.
Casting: Foxfire (safe; 6% risk of failure)
Confirm with . or Enter, or press ? or * to list all spells.
You conjure some foxfire!
Unknown command.
Casting: Foxfire (safe; 6% risk of failure)
Confirm with . or Enter, or press ? or * to list all spells.
You conjure some foxfire!
Unknown command.
The foxfire hits the rat.
You kill the rat!
Unknown command.
The foxfire hits the goblin.
The goblin is severely wounded.
There is a stone staircase leading up here.
Casting: Foxfire (safe; 6% risk of failure)
Confirm with . or Enter, or press ? or * to list all spells.
You conjure some foxfire!
The foxfire hits the goblin.
You kill the goblin!
Unknown command.
Things that are here:
a +0 dagger; a goblin corpse Your foxfire dissipates!
A kobold and Sigmund come into view.
Sigmund is wielding a +0 scythe and wearing a +2 robe of willpower.
Sigmund shouts!
The kobold shouts!
Sigmund hits you from afar with a +0 scythe!
Ouch! That really hurt!
The kobold throws a stone.
The stone hits you.
* * * LOW HITPOINT WARNING * * *
The kobold throws a stone.
The stone misses you.
Okay, then.
The kobold throws a stone.
The stone misses you.
Sigmund laughs darkly.
Sigmund gestures at you while chanting. The magic dart hits you!
You die...

####.##.##....
#.##.##K#..#
#.........#
#....##.###
#....##.#
#....##.#
#.....#@#
#.....#@######..
#...@..........#
#.....^.######..
. ###.#....#
###.#
#.##...####...
#.#..)<...#.#
#.#.........#
#.#....#....###†.
#...............#
##.....#....##..#


You could see Sigmund.

Vanquished Creatures
  An adder (D:2)
  A ball python (D:1)
  2 endoplasms
  4 giant cockroaches (D:1)
  4 goblins
  6 hobgoblins
  A kobold (D:1)
  2 quokkas (D:1)
  4 bats (D:1)
  A frilled lizard (D:1)
  3 rats
29 creatures vanquished.

Vanquished Creatures (others)
  46 foxfires
46 creatures vanquished.

Grand Total: 75 creatures vanquished

Notes
Turn   | Place    | Note
-------+----------+-------------------------------------------
     0 | D:1      | Conn the Octopode Fire Elementalist began the quest for the
                  | Orb.
     0 | D:1      | Reached XP level 1. HP: 11/11 MP: 3/3
   144 | D:1      | Reached XP level 2. HP: 17/17 MP: 1/5
   471 | D:1      | Found a faded altar of an unknown god.
   593 | D:1      | Reached XP level 3. HP: 11/21 MP: 1/6
  1278 | D:2      | Noticed Sigmund
  1289 | D:2      | Killed from afar by Sigmund

Illustrated notes

Levels and vault maps discovered:
D:1:      scummos_arrival_star, layout_loops_ring,
          shapermc_ecumenical_altar_mp_vishouse, columned_hall_lemuel
D:2:      layout_rooms, basic_altar, uniq_sigmund, uniq_crazy_yiuf_cottage

Skill      XL: |  1  2  3 |
---------------+----------+-----
Stealth        | 3 |  3.2
Short Blades   | |  0.1
Dodging        | |  2.2
Spellcasting   | |  2.3
Conjurations   | |  1.2
Fire Magic     | |  3.8

Action                   || total
-------------------------++-------
Melee: Unarmed           ||     5
       Constrict         ||     4
       Short sword       ||    19
 Cast: Foxfire           ||    27
 Stab: Sleeping          ||    10
Armor: Skin              ||     2
Dodge: Dodged            ||    17

Table legend: (Time is in decaauts)
 A = Elapsed time spent in this place.
 B = Non-inter-level travel time spent in this place.
 C = Inter-level travel time spent in this place.
 D = Time resting spent in this place.
 E = Time spent auto-exploring this place.
 F = Levels seen in this place.
 G = Mean time per level.
                   A        B        C        D        E       F      G
               +--------+--------+--------+--------+--------+-----+--------+
         Total |   1290 |   1260 |     30 |      0 |   1021 |   2 |  645.0 |
       Dungeon |   1290 |   1260 |     30 |      0 |   1021 |   2 |  645.0 |
               +--------+--------+--------+--------+--------+-----+--------+

Top non-repeatable levels by time:
     D:1: 1054 daAuts
     D:2: 236 daAuts
